[ PARTIDA AOE2 · #478775496 ]
UnrankedAztecas vs None
Equipo del jugador · DERR
Equipo rival · VICT
[ ANÁLISIS DE REPETICIÓN · EXTRAÍDO DE LA PARTIDA GRABADA ]
Feudal
—
Castillos
—
Imperial
—
| APM promedio | 27.3 |
| APM pico | 48 |
| eAPM promedio | 10.6 |
| Aldeanos / militares | 0 / 0 |
Foco
⚔️ 78.3% · 🌾 21.7%
Feudal
—
Castillos
—
Imperial
—
| APM promedio | 37.1 |
| APM pico | 75 |
| eAPM promedio | 16.2 |
| Aldeanos / militares | 0 / 887 |
Foco
⚔️ 98.1% · 🌾 1.9%
Knight ×887
Feudal
—
Castillos
—
Imperial
—
| APM promedio | 25.3 |
| APM pico | 53 |
| eAPM promedio | 16.2 |
| Aldeanos / militares | 0 / 1426 |
Foco
⚔️ 97.2% · 🌾 2.8%
Camel Scout ×1203 · Knight ×220 · Battering Ram ×3
Feudal
—
Castillos
—
Imperial
—
| APM promedio | 51.7 |
| APM pico | 87 |
| eAPM promedio | 36.0 |
| Aldeanos / militares | 0 / 927 |
Foco
⚔️ 99.4% · 🌾 0.6%
Archer ×616 · Battle Elephant ×244 · Armored Elephant ×67
Feudal
—
Castillos
—
Imperial
—
| APM promedio | 22.2 |
| APM pico | 49 |
| eAPM promedio | 9.9 |
| Aldeanos / militares | 0 / 0 |
Foco
⚔️ 100.0% · 🌾 0.0%
Feudal
—
Castillos
—
Imperial
—
| APM promedio | 29.3 |
| APM pico | 70 |
| eAPM promedio | 13.8 |
| Aldeanos / militares | 0 / 715 |
Foco
⚔️ 82.3% · 🌾 17.7%
Hand Cannoneer ×394 · Cavalry Archer ×230 · Spearman ×91
Feudal
—
Castillos
—
Imperial
—
| APM promedio | 25.5 |
| APM pico | 54 |
| eAPM promedio | 10.9 |
| Aldeanos / militares | 0 / 170 |
Foco
⚔️ 73.5% · 🌾 26.5%
Spearman ×170
Feudal
—
Castillos
—
Imperial
—
| APM promedio | 19.5 |
| APM pico | 54 |
| eAPM promedio | 15.8 |
| Aldeanos / militares | 0 / 1031 |
Foco
⚔️ 92.5% · 🌾 7.5%
Knight ×1028 · Scout Cavalry ×3
Mapa de la partida
Recursos iniciales + cada clic de construcción. Líneas = muros · curvas = relieve. ◆ oro · ⬟ piedra · ● bayas · ✦ reliquia · ◌ hueco del cierre
Tu base· ✓ Separados por el mapa
Base de Malsvyr· Abierta
Base de Puds· Abierta
Base de ContingencyArgument· ✓ Separados por el mapa
Base de Ragnar Lodbrok· Abierta
Base de The_Chef· Abierta
Base de reznor_5· Abierta
Base de Oby_1_88· Abierta
Terreno inicial suavizado · ◌ = hueco del cierre detectado · pasá el cursor para detalles
Inputs por minuto
— lumo5613 - - Malsvyr
Build order — lumo5613
18 acciones detectadas en el replay
| 12:15 | Investigar | Chain Mail Armor |
| 12:15 | Investigar | Iron Casting |
| 12:16 | Investigar | Bodkin Arrow |
| 12:16 | Investigar | Leather Archer Armor |
| 12:20 | Investigar | Treadmill Crane |
| 12:20 | Investigar | Ballistics |
| 12:21 | Investigar | Guard Tower (upgrade) |
| 12:25 | Investigar | Atlatl |
| 30:07 | Investigar | Plate Mail Armor |
| 30:09 | Investigar | Bracer |
| 30:10 | Investigar | Blast Furnace |
| 30:15 | Investigar | Chemistry |
| 30:18 | Investigar | Spies/Treason |
| 30:19 | Investigar | Garland Wars |
| 30:22 | Investigar | Conscription |
| 30:45 | Investigar | Elite Jaguar Warrior (upgrade) |
| 32:06 | Investigar | Siege Engineers |
| 32:08 | Investigar | Arrowslits |
Build order — Malsvyr
Primeras 150 de 231 acciones detectadas
| 5:58 | Construir | Stone Wall |
| 10:41 | Investigar | Ironclad |
| 10:58 | Investigar | Chain Mail Armor |
| 10:58 | Investigar | Iron Casting |
| 10:59 | Investigar | Chain Barding Armor |
| 11:00 | Investigar | Leather Archer Armor |
| 11:00 | Investigar | Bodkin Arrow |
| 11:02 | Investigar | Ballistics |
| 11:03 | Investigar | Guard Tower (upgrade) |
| 11:04 | Investigar | Tech 909 |
| 11:04 | Investigar | Tech 908 |
| 11:05 | Investigar | Careening |
| 14:38 | Construir | Stable |
| 14:39 | Construir | Stable |
| 14:40 | Construir | Stable |
| 14:42 | Construir | Stable |
| 14:43 | Construir | Stable |
| 14:45 | Construir | Stable |
| 14:47 | Construir | Stable |
| 14:49 | Construir | Stable |
| 14:57 | Construir | Stable |
| 14:58 | Construir | Stable |
| 15:00 | Construir | Stable |
| 15:01 | Construir | Stable |
| 15:03 | Construir | Stable |
| 15:53 | Investigar | Bloodlines |
| 15:59 | Crear | Knight ×5 |
| 15:59 | Crear | Knight ×5 |
| 15:59 | Crear | Knight ×5 |
| 16:00 | Crear | Knight ×5 |
| 16:00 | Crear | Knight ×5 |
| 16:00 | Crear | Knight ×5 |
| 16:12 | Construir | Stable |
| 16:15 | Construir | Stable |
| 16:17 | Construir | Stable |
| 16:19 | Construir | Stable |
| 17:06 | Crear | Knight ×5 |
| 17:06 | Crear | Knight ×5 |
| 17:07 | Crear | Knight ×5 |
| 17:07 | Crear | Knight ×5 |
| 17:07 | Crear | Knight ×5 |
| 17:07 | Crear | Knight ×5 |
| 17:08 | Crear | Knight ×3 |
| 17:56 | Crear | Knight ×5 |
| 17:56 | Crear | Knight ×5 |
| 17:56 | Crear | Knight ×5 |
| 17:57 | Crear | Knight ×5 |
| 17:57 | Crear | Knight ×5 |
| 17:57 | Crear | Knight ×5 |
| 17:57 | Crear | Knight ×5 |
| 20:36 | Construir | Stable |
| 20:37 | Construir | Stable |
| 20:43 | Crear | Knight ×5 |
| 20:43 | Crear | Knight ×5 |
| 20:44 | Crear | Knight ×5 |
| 20:44 | Crear | Knight ×5 |
| 20:44 | Crear | Knight ×5 |
| 20:44 | Crear | Knight ×5 |
| 20:45 | Crear | Knight ×5 |
| 20:45 | Crear | Knight ×5 |
| 20:45 | Crear | Knight ×5 |
| 20:45 | Crear | Knight ×5 |
| 20:46 | Crear | Knight ×5 |
| 20:46 | Crear | Knight ×5 |
| 20:46 | Crear | Knight ×5 |
| 20:47 | Crear | Knight ×5 |
| 20:47 | Crear | Knight ×5 |
| 20:47 | Crear | Knight ×4 |
| 22:17 | Crear | Knight ×5 |
| 22:17 | Crear | Knight ×5 |
| 22:18 | Crear | Knight ×5 |
| 22:18 | Crear | Knight ×5 |
| 22:18 | Crear | Knight ×5 |
| 22:19 | Crear | Knight ×5 |
| 22:19 | Crear | Knight ×5 |
| 22:19 | Crear | Knight ×5 |
| 22:19 | Crear | Knight ×5 |
| 22:20 | Crear | Knight ×5 |
| 22:20 | Crear | Knight ×5 |
| 22:20 | Crear | Knight ×5 |
| 22:21 | Crear | Knight ×5 |
| 22:21 | Crear | Knight ×5 |
| 22:21 | Crear | Knight ×5 |
| 22:21 | Crear | Knight ×5 |
| 22:22 | Crear | Knight ×5 |
| 22:22 | Crear | Knight ×5 |
| 22:22 | Crear | Knight ×2 |
| 22:26 | Crear | Knight ×2 |
| 24:34 | Construir | Stable |
| 24:38 | Construir | Stable |
| 24:40 | Construir | Stable |
| 24:42 | Construir | Stable |
| 24:45 | Construir | Stable |
| 25:21 | Crear | Knight ×5 |
| 25:22 | Crear | Knight ×5 |
| 25:22 | Crear | Knight ×5 |
| 25:22 | Crear | Knight ×5 |
| 25:23 | Crear | Knight ×5 |
| 25:23 | Crear | Knight ×5 |
| 25:23 | Crear | Knight ×5 |
| 25:23 | Crear | Knight ×5 |
| 25:24 | Crear | Knight ×5 |
| 25:24 | Crear | Knight ×5 |
| 25:24 | Crear | Knight ×5 |
| 25:25 | Crear | Knight ×5 |
| 25:25 | Crear | Knight ×5 |
| 25:25 | Crear | Knight ×5 |
| 25:25 | Crear | Knight ×5 |
| 25:26 | Crear | Knight ×5 |
| 25:26 | Crear | Knight ×5 |
| 25:26 | Crear | Knight ×5 |
| 25:27 | Crear | Knight ×5 |
| 25:27 | Crear | Knight ×5 |
| 25:27 | Crear | Knight ×5 |
| 25:28 | Crear | Knight ×5 |
| 25:28 | Crear | Knight ×5 |
| 25:28 | Crear | Knight ×5 |
| 25:28 | Crear | Knight ×5 |
| 25:29 | Crear | Knight ×5 |
| 25:29 | Crear | Knight ×5 |
| 25:29 | Crear | Knight ×5 |
| 27:28 | Crear | Knight ×5 |
| 27:28 | Crear | Knight ×5 |
| 27:29 | Crear | Knight ×5 |
| 27:29 | Crear | Knight ×5 |
| 27:29 | Crear | Knight ×5 |
| 27:29 | Crear | Knight ×5 |
| 27:30 | Crear | Knight ×5 |
| 27:30 | Crear | Knight ×5 |
| 27:30 | Crear | Knight ×5 |
| 27:30 | Crear | Knight ×5 |
| 27:31 | Crear | Knight ×5 |
| 27:31 | Crear | Knight ×5 |
| 27:31 | Crear | Knight ×5 |
| 27:32 | Crear | Knight ×5 |
| 27:32 | Crear | Knight ×5 |
| 27:32 | Crear | Knight ×5 |
| 27:32 | Crear | Knight ×5 |
| 27:33 | Crear | Knight ×5 |
| 27:33 | Crear | Knight ×5 |
| 27:33 | Crear | Knight ×5 |
| 27:34 | Crear | Knight ×5 |
| 27:34 | Crear | Knight ×5 |
| 28:35 | Construir | Watch Tower |
| 29:03 | Investigar | Cavalier (upgrade) |
| 29:04 | Crear | Knight ×5 |
| 29:04 | Crear | Knight ×5 |
| 29:05 | Crear | Knight ×4 |
| 29:05 | Crear | Knight ×4 |
| 29:09 | Investigar | Spies/Treason |
Build order — Puds
Primeras 150 de 373 acciones detectadas
| 3:58 | Construir | Stable |
| 3:59 | Construir | Stable |
| 4:01 | Construir | Stable |
| 4:02 | Construir | Stable |
| 4:05 | Construir | Stable |
| 4:12 | Construir | Stone Wall |
| 6:41 | Construir | Stable |
| 6:43 | Construir | Stable |
| 6:44 | Construir | Stable |
| 6:46 | Construir | Stable |
| 6:47 | Construir | Stable |
| 6:49 | Construir | Stable |
| 6:50 | Construir | Stable |
| 6:52 | Construir | Stable |
| 6:58 | Construir | Stable |
| 7:00 | Construir | Stable |
| 7:03 | Construir | Stable |
| 7:04 | Construir | Stable |
| 13:28 | Investigar | Husbandry |
| 13:40 | Crear | Camel Scout ×5 |
| 13:41 | Crear | Knight ×5 |
| 13:42 | Crear | Knight ×5 |
| 13:42 | Crear | Knight ×5 |
| 13:42 | Crear | Knight ×5 |
| 13:42 | Crear | Knight ×5 |
| 13:43 | Crear | Knight ×5 |
| 13:43 | Crear | Knight ×5 |
| 13:43 | Crear | Knight ×5 |
| 13:44 | Crear | Knight ×5 |
| 13:44 | Crear | Knight ×5 |
| 13:44 | Crear | Knight ×5 |
| 13:44 | Crear | Knight ×5 |
| 13:45 | Crear | Knight ×5 |
| 13:45 | Crear | Knight ×5 |
| 13:45 | Crear | Knight ×5 |
| 13:46 | Crear | Knight ×5 |
| 13:46 | Crear | Knight ×5 |
| 13:46 | Crear | Knight ×5 |
| 13:47 | Crear | Knight ×5 |
| 13:47 | Crear | Knight ×5 |
| 13:47 | Crear | Knight ×5 |
| 13:47 | Crear | Knight ×5 |
| 13:48 | Crear | Knight ×5 |
| 13:48 | Crear | Knight ×5 |
| 13:48 | Crear | Knight ×5 |
| 13:53 | Investigar | Iron Casting |
| 13:54 | Investigar | Chain Barding Armor |
| 13:55 | Investigar | Bodkin Arrow |
| 13:55 | Investigar | Leather Archer Armor |
| 13:55 | Investigar | Chain Mail Armor |
| 13:58 | Investigar | Treadmill Crane |
| 13:59 | Investigar | Ballistics |
| 14:00 | Investigar | Guard Tower (upgrade) |
| 14:00 | Investigar | Tech 909 |
| 14:00 | Investigar | Tech 908 |
| 14:01 | Investigar | Careening |
| 14:03 | Investigar | Greek Fire |
| 14:15 | Construir | Stable |
| 14:17 | Construir | Stable |
| 14:19 | Construir | Stable |
| 14:21 | Construir | Stable |
| 14:41 | Construir | Stable |
| 14:42 | Construir | Stable |
| 14:44 | Construir | Stable |
| 14:45 | Construir | Stable |
| 14:47 | Construir | Stable |
| 15:47 | Crear | Camel Scout ×5 |
| 15:48 | Crear | Camel Scout ×5 |
| 15:48 | Crear | Camel Scout ×5 |
| 15:48 | Crear | Camel Scout ×5 |
| 15:48 | Crear | Camel Scout ×5 |
| 15:49 | Crear | Camel Scout ×5 |
| 15:49 | Crear | Camel Scout ×5 |
| 15:49 | Crear | Camel Scout ×5 |
| 15:50 | Crear | Camel Scout ×5 |
| 15:50 | Crear | Camel Scout ×5 |
| 15:50 | Crear | Camel Scout ×5 |
| 15:51 | Crear | Camel Scout ×5 |
| 15:51 | Crear | Camel Scout ×5 |
| 15:51 | Crear | Camel Scout ×5 |
| 15:56 | Crear | Camel Scout ×5 |
| 15:56 | Crear | Camel Scout ×5 |
| 15:56 | Crear | Camel Scout ×5 |
| 15:57 | Crear | Camel Scout ×5 |
| 15:57 | Crear | Camel Scout ×5 |
| 15:57 | Crear | Camel Scout ×5 |
| 15:58 | Crear | Camel Scout ×5 |
| 15:58 | Crear | Camel Scout ×5 |
| 15:58 | Crear | Camel Scout ×5 |
| 15:59 | Crear | Camel Scout ×5 |
| 15:59 | Crear | Camel Scout ×5 |
| 15:59 | Crear | Camel Scout ×5 |
| 16:00 | Crear | Camel Scout ×5 |
| 16:00 | Crear | Camel Scout ×5 |
| 16:00 | Crear | Camel Scout ×5 |
| 17:12 | Crear | Camel Scout ×5 |
| 17:13 | Crear | Camel Scout ×5 |
| 17:13 | Crear | Camel Scout ×5 |
| 17:13 | Crear | Camel Scout ×5 |
| 17:14 | Crear | Camel Scout ×5 |
| 17:14 | Crear | Camel Scout ×5 |
| 17:14 | Crear | Camel Scout ×5 |
| 17:14 | Crear | Camel Scout ×5 |
| 17:15 | Crear | Camel Scout ×5 |
| 17:15 | Crear | Camel Scout ×5 |
| 17:15 | Crear | Camel Scout ×5 |
| 17:16 | Crear | Camel Scout ×5 |
| 17:16 | Crear | Camel Scout ×5 |
| 17:17 | Crear | Camel Scout ×5 |
| 18:00 | Crear | Camel Scout ×5 |
| 18:00 | Crear | Camel Scout ×5 |
| 18:01 | Crear | Camel Scout ×5 |
| 18:01 | Crear | Camel Scout ×5 |
| 18:01 | Crear | Camel Scout ×5 |
| 18:02 | Crear | Camel Scout ×5 |
| 18:02 | Crear | Camel Scout ×5 |
| 18:02 | Crear | Camel Scout ×5 |
| 18:03 | Crear | Camel Scout ×5 |
| 18:03 | Crear | Camel Scout ×5 |
| 18:03 | Crear | Camel Scout ×5 |
| 18:03 | Crear | Camel Scout ×5 |
| 18:04 | Crear | Camel Scout ×5 |
| 18:04 | Crear | Camel Scout ×5 |
| 18:04 | Crear | Camel Scout ×5 |
| 18:05 | Crear | Camel Scout ×5 |
| 18:05 | Crear | Camel Scout ×5 |
| 18:05 | Crear | Camel Scout ×5 |
| 18:06 | Crear | Camel Scout ×5 |
| 18:06 | Crear | Camel Scout ×5 |
| 18:06 | Crear | Camel Scout ×5 |
| 18:07 | Crear | Camel Scout ×5 |
| 18:07 | Crear | Camel Scout ×5 |
| 18:07 | Crear | Camel Scout ×5 |
| 20:03 | Crear | Knight ×5 |
| 20:03 | Crear | Knight ×5 |
| 20:03 | Crear | Knight ×5 |
| 20:04 | Crear | Knight ×5 |
| 20:04 | Crear | Knight ×5 |
| 20:04 | Crear | Knight ×5 |
| 20:05 | Crear | Knight ×5 |
| 20:15 | Construir | Archery Range |
| 20:17 | Construir | Archery Range |
| 20:18 | Construir | Archery Range |
| 20:21 | Construir | Archery Range |
| 20:22 | Construir | Archery Range |
| 20:25 | Construir | Archery Range |
| 20:26 | Construir | Archery Range |
| 20:28 | Construir | Archery Range |
| 20:45 | Crear | Knight ×5 |
| 20:45 | Crear | Knight ×5 |
Build order — ContingencyArgument
Primeras 150 de 270 acciones detectadas
| 11:20 | Investigar | Bodkin Arrow |
| 11:20 | Investigar | Leather Archer Armor |
| 11:21 | Investigar | Chain Barding Armor |
| 11:21 | Investigar | Chain Mail Armor |
| 11:23 | Investigar | Ballistics |
| 11:24 | Investigar | Treadmill Crane |
| 11:25 | Investigar | Guard Tower (upgrade) |
| 11:25 | Investigar | Tech 909 |
| 11:26 | Investigar | Tech 908 |
| 11:26 | Investigar | Careening |
| 14:14 | Construir | Archery Range |
| 14:15 | Construir | Archery Range |
| 14:19 | Construir | Archery Range |
| 14:21 | Construir | Archery Range |
| 14:25 | Construir | Archery Range |
| 14:26 | Construir | Archery Range |
| 14:27 | Construir | Archery Range |
| 14:28 | Construir | Archery Range |
| 14:29 | Construir | Archery Range |
| 14:31 | Construir | Archery Range |
| 14:33 | Construir | Archery Range |
| 14:34 | Construir | Archery Range |
| 14:37 | Construir | Archery Range |
| 14:38 | Construir | Archery Range |
| 14:39 | Construir | Archery Range |
| 14:41 | Construir | Archery Range |
| 14:44 | Construir | Stable |
| 14:45 | Construir | Stable |
| 14:48 | Construir | Stable |
| 14:50 | Construir | Stable |
| 14:53 | Construir | Stable |
| 15:07 | Construir | Stable |
| 15:08 | Construir | Stable |
| 15:09 | Construir | Stable |
| 15:11 | Construir | Stable |
| 15:12 | Construir | Stable |
| 15:43 | Investigar | Crossbowman (upgrade) |
| 15:53 | Crear | Archer ×5 |
| 15:53 | Crear | Archer ×5 |
| 15:53 | Crear | Archer ×5 |
| 15:54 | Crear | Archer ×5 |
| 15:54 | Crear | Archer ×5 |
| 15:54 | Crear | Archer ×5 |
| 15:55 | Crear | Archer ×5 |
| 15:55 | Crear | Archer ×5 |
| 15:55 | Crear | Archer ×4 |
| 15:56 | Crear | Archer ×4 |
| 16:38 | Crear | Archer ×5 |
| 16:39 | Crear | Archer ×5 |
| 16:41 | Construir | Archery Range |
| 17:26 | Crear | Archer ×5 |
| 17:27 | Crear | Archer ×5 |
| 17:27 | Crear | Archer ×5 |
| 17:27 | Crear | Archer ×5 |
| 17:28 | Crear | Archer ×5 |
| 17:28 | Crear | Archer ×5 |
| 17:28 | Crear | Archer ×5 |
| 17:29 | Crear | Archer ×5 |
| 17:29 | Crear | Archer ×5 |
| 17:29 | Crear | Archer ×5 |
| 17:30 | Crear | Archer ×5 |
| 17:30 | Crear | Archer ×5 |
| 17:30 | Crear | Archer |
| 17:43 | Crear | Archer ×5 |
| 17:46 | Crear | Archer ×5 |
| 17:47 | Crear | Archer ×5 |
| 17:47 | Crear | Archer ×5 |
| 18:55 | Crear | Archer ×5 |
| 18:56 | Crear | Archer ×5 |
| 18:56 | Crear | Archer ×5 |
| 18:56 | Crear | Archer ×5 |
| 18:57 | Crear | Archer ×5 |
| 18:57 | Crear | Archer ×5 |
| 18:57 | Crear | Archer ×5 |
| 18:58 | Crear | Archer ×5 |
| 18:58 | Crear | Archer ×5 |
| 18:58 | Crear | Archer ×5 |
| 19:50 | Crear | Archer ×5 |
| 19:50 | Crear | Archer ×5 |
| 19:51 | Crear | Archer ×5 |
| 19:51 | Crear | Archer ×5 |
| 19:51 | Crear | Archer ×5 |
| 19:51 | Crear | Archer ×5 |
| 19:52 | Crear | Archer ×5 |
| 19:52 | Crear | Archer ×5 |
| 19:52 | Crear | Archer ×5 |
| 19:53 | Crear | Archer ×5 |
| 19:53 | Crear | Archer ×5 |
| 19:53 | Crear | Archer ×5 |
| 19:54 | Crear | Archer ×5 |
| 19:54 | Crear | Archer ×3 |
| 19:55 | Crear | Archer |
| 19:55 | Crear | Archer |
| 19:56 | Crear | Archer |
| 20:45 | Crear | Archer ×5 |
| 20:46 | Crear | Archer ×5 |
| 20:46 | Crear | Archer ×5 |
| 20:46 | Crear | Archer ×5 |
| 20:47 | Crear | Archer ×5 |
| 20:47 | Crear | Archer ×5 |
| 20:47 | Crear | Archer ×5 |
| 20:47 | Crear | Archer ×5 |
| 20:48 | Crear | Archer ×5 |
| 20:48 | Crear | Archer ×5 |
| 20:48 | Crear | Archer ×5 |
| 20:48 | Crear | Archer ×2 |
| 20:50 | Crear | Archer ×2 |
| 20:51 | Crear | Archer ×2 |
| 21:07 | Crear | Archer ×3 |
| 21:09 | Crear | Archer ×2 |
| 21:10 | Crear | Archer ×5 |
| 21:10 | Crear | Archer ×5 |
| 21:10 | Crear | Archer ×5 |
| 21:29 | Investigar | Arbalester (upgrade) |
| 21:31 | Investigar | Bracer |
| 21:31 | Investigar | Ring Archer Armor |
| 21:32 | Investigar | Blast Furnace |
| 21:32 | Investigar | Plate Barding Armor |
| 21:35 | Investigar | Siege Engineers |
| 21:35 | Investigar | Keep (upgrade) |
| 21:36 | Investigar | Arrowslits |
| 21:37 | Investigar | Dry Dock |
| 21:37 | Investigar | Tech 907 |
| 21:38 | Investigar | Shipwright |
| 21:39 | Investigar | Mahayana |
| 21:40 | Investigar | Conscription |
| 21:40 | Investigar | Spies/Treason |
| 21:41 | Investigar | Elite Ratha (upgrade) |
| 21:48 | Investigar | Elite Elephant Archer (upgrade) |
| 21:50 | Crear | Archer ×5 |
| 21:50 | Crear | Archer ×5 |
| 21:50 | Crear | Archer ×5 |
| 21:51 | Crear | Archer ×5 |
| 21:51 | Crear | Archer ×5 |
| 21:51 | Crear | Archer ×5 |
| 21:52 | Crear | Archer ×5 |
| 21:52 | Crear | Archer ×5 |
| 22:21 | Crear | Archer ×5 |
| 22:22 | Crear | Archer ×5 |
| 22:22 | Crear | Archer ×5 |
| 22:22 | Crear | Archer ×5 |
| 22:25 | Investigar | Bloodlines |
| 22:26 | Investigar | Husbandry |
| 22:33 | Investigar | Elite Battle Elephant (upgrade) |
| 22:36 | Crear | Battle Elephant ×5 |
| 22:36 | Crear | Battle Elephant ×5 |
| 22:36 | Crear | Battle Elephant ×5 |
| 22:37 | Crear | Battle Elephant ×5 |
| 22:37 | Crear | Battle Elephant ×5 |
| 22:37 | Crear | Battle Elephant ×2 |
Build order — Ragnar Lodbrok
9 acciones detectadas en el replay
| 30:07 | Construir | Stone Wall |
| 31:24 | Construir | Stable |
| 31:26 | Construir | Stable |
| 31:28 | Construir | Stable |
| 31:35 | Construir | Stable |
| 31:36 | Construir | Stable |
| 31:38 | Construir | Stable |
| 31:40 | Construir | Stable |
| 31:42 | Construir | Stable |
Build order — The_Chef
Primeras 150 de 224 acciones detectadas
| 11:27 | Construir | Archery Range |
| 11:29 | Construir | Archery Range |
| 11:31 | Construir | Archery Range |
| 11:41 | Construir | Archery Range |
| 11:53 | Construir | Archery Range |
| 14:17 | Crear | Cavalry Archer ×5 |
| 14:17 | Crear | Cavalry Archer ×5 |
| 14:17 | Crear | Cavalry Archer ×5 |
| 14:17 | Crear | Cavalry Archer ×5 |
| 14:18 | Crear | Cavalry Archer ×5 |
| 14:18 | Crear | Cavalry Archer ×5 |
| 14:18 | Crear | Cavalry Archer ×5 |
| 14:19 | Crear | Cavalry Archer ×5 |
| 14:24 | Crear | Cavalry Archer ×5 |
| 14:25 | Crear | Cavalry Archer ×5 |
| 14:25 | Crear | Cavalry Archer ×5 |
| 14:25 | Crear | Cavalry Archer ×5 |
| 14:44 | Construir | Archery Range |
| 14:46 | Construir | Archery Range |
| 14:49 | Construir | Archery Range |
| 14:53 | Investigar | Silk Road |
| 14:53 | Investigar | Silk Road |
| 15:26 | Investigar | Leather Archer Armor |
| 15:27 | Investigar | Bodkin Arrow |
| 15:28 | Investigar | Iron Casting |
| 15:31 | Investigar | Chain Barding Armor |
| 15:39 | Investigar | Ballistics |
| 15:41 | Investigar | Treadmill Crane |
| 15:42 | Investigar | Guard Tower (upgrade) |
| 15:44 | Investigar | Careening |
| 15:45 | Investigar | Tech 908 |
| 15:46 | Investigar | Tech 909 |
| 16:24 | Construir | Stone Wall |
| 16:35 | Crear | Cavalry Archer ×5 |
| 16:36 | Crear | Cavalry Archer ×5 |
| 16:36 | Crear | Cavalry Archer ×5 |
| 16:36 | Crear | Cavalry Archer ×5 |
| 16:37 | Crear | Cavalry Archer ×5 |
| 16:37 | Crear | Cavalry Archer ×5 |
| 16:37 | Crear | Cavalry Archer ×5 |
| 16:38 | Crear | Cavalry Archer ×5 |
| 16:38 | Crear | Cavalry Archer ×5 |
| 17:56 | Construir | Archery Range |
| 18:01 | Construir | Archery Range |
| 18:12 | Construir | Archery Range |
| 18:16 | Construir | Archery Range |
| 18:18 | Construir | Archery Range |
| 18:22 | Construir | Archery Range |
| 18:32 | Construir | Archery Range |
| 18:35 | Construir | Archery Range |
| 18:38 | Construir | Archery Range |
| 18:41 | Construir | Archery Range |
| 19:17 | Investigar | Thumb Ring |
| 19:29 | Crear | Cavalry Archer ×5 |
| 19:30 | Crear | Cavalry Archer ×5 |
| 19:30 | Crear | Cavalry Archer ×5 |
| 19:30 | Crear | Cavalry Archer ×5 |
| 19:31 | Crear | Cavalry Archer ×5 |
| 19:31 | Crear | Cavalry Archer ×5 |
| 19:31 | Crear | Cavalry Archer ×5 |
| 19:32 | Crear | Cavalry Archer ×5 |
| 19:32 | Crear | Cavalry Archer ×5 |
| 19:32 | Crear | Cavalry Archer ×5 |
| 19:33 | Crear | Cavalry Archer ×5 |
| 20:32 | Investigar | Chemistry |
| 20:36 | Investigar | Elite Genoese Crossbowman (upgrade) |
| 20:38 | Investigar | Conscription |
| 20:43 | Investigar | Spies/Treason |
| 21:25 | Investigar | Ring Archer Armor |
| 21:26 | Investigar | Bracer |
| 21:29 | Investigar | Plate Barding Armor |
| 21:30 | Investigar | Iron Casting |
| 21:31 | Investigar | Chain Mail Armor |
| 21:34 | Investigar | Keep (upgrade) |
| 21:36 | Investigar | Arrowslits |
| 21:37 | Investigar | Dry Dock |
| 21:39 | Investigar | Tech 907 |
| 21:40 | Investigar | Shipwright |
| 21:41 | Investigar | Tech 910 |
| 21:48 | Crear | Cavalry Archer ×5 |
| 21:48 | Crear | Cavalry Archer ×5 |
| 21:48 | Crear | Cavalry Archer ×5 |
| 21:49 | Crear | Cavalry Archer ×5 |
| 21:49 | Crear | Cavalry Archer ×5 |
| 21:49 | Crear | Cavalry Archer ×5 |
| 21:49 | Crear | Cavalry Archer ×5 |
| 21:50 | Crear | Cavalry Archer ×5 |
| 21:50 | Crear | Cavalry Archer ×5 |
| 21:50 | Crear | Cavalry Archer ×5 |
| 21:51 | Crear | Cavalry Archer ×5 |
| 21:51 | Crear | Cavalry Archer ×5 |
| 21:51 | Crear | Cavalry Archer ×5 |
| 21:52 | Crear | Cavalry Archer ×3 |
| 21:53 | Crear | Cavalry Archer |
| 21:53 | Crear | Cavalry Archer |
| 23:15 | Investigar | Crossbowman (upgrade) |
| 23:16 | Investigar | Crossbowman (upgrade) |
| 23:26 | Crear | Hand Cannoneer ×5 |
| 23:26 | Crear | Hand Cannoneer ×5 |
| 23:27 | Crear | Hand Cannoneer ×5 |
| 23:27 | Crear | Hand Cannoneer ×5 |
| 23:27 | Crear | Hand Cannoneer ×5 |
| 23:28 | Crear | Hand Cannoneer ×5 |
| 23:28 | Crear | Hand Cannoneer ×5 |
| 23:28 | Crear | Hand Cannoneer ×5 |
| 23:29 | Crear | Hand Cannoneer ×5 |
| 23:29 | Crear | Hand Cannoneer ×5 |
| 23:29 | Crear | Hand Cannoneer ×5 |
| 23:30 | Crear | Hand Cannoneer ×5 |
| 23:30 | Crear | Hand Cannoneer ×5 |
| 23:30 | Crear | Hand Cannoneer ×5 |
| 23:31 | Crear | Hand Cannoneer ×5 |
| 23:31 | Crear | Hand Cannoneer ×5 |
| 24:10 | Investigar | Arbalester (upgrade) |
| 24:10 | Investigar | Arbalester (upgrade) |
| 24:13 | Crear | Hand Cannoneer ×5 |
| 24:13 | Crear | Hand Cannoneer ×5 |
| 24:13 | Crear | Hand Cannoneer ×5 |
| 24:14 | Crear | Hand Cannoneer ×5 |
| 24:14 | Crear | Hand Cannoneer ×4 |
| 24:50 | Crear | Hand Cannoneer ×5 |
| 24:51 | Crear | Hand Cannoneer ×5 |
| 24:51 | Crear | Hand Cannoneer ×5 |
| 24:51 | Crear | Hand Cannoneer ×5 |
| 24:52 | Crear | Hand Cannoneer ×5 |
| 25:02 | Investigar | Bombard Tower (upgrade) |
| 25:02 | Investigar | Bombard Tower (upgrade) |
| 25:41 | Crear | Hand Cannoneer ×5 |
| 25:41 | Crear | Hand Cannoneer ×5 |
| 25:42 | Crear | Hand Cannoneer ×5 |
| 25:42 | Crear | Hand Cannoneer ×5 |
| 25:42 | Crear | Hand Cannoneer ×5 |
| 25:43 | Crear | Hand Cannoneer ×5 |
| 25:43 | Crear | Hand Cannoneer ×5 |
| 25:43 | Crear | Hand Cannoneer ×5 |
| 26:53 | Crear | Hand Cannoneer ×5 |
| 26:53 | Crear | Hand Cannoneer ×5 |
| 26:54 | Crear | Hand Cannoneer ×5 |
| 26:54 | Crear | Hand Cannoneer ×5 |
| 26:54 | Crear | Hand Cannoneer ×5 |
| 26:55 | Crear | Hand Cannoneer ×5 |
| 26:55 | Crear | Hand Cannoneer ×5 |
| 26:55 | Crear | Hand Cannoneer ×5 |
| 26:56 | Crear | Hand Cannoneer ×5 |
| 26:56 | Crear | Hand Cannoneer ×5 |
| 26:56 | Crear | Hand Cannoneer ×5 |
| 26:57 | Crear | Hand Cannoneer |
| 26:57 | Crear | Hand Cannoneer |
| 27:32 | Crear | Hand Cannoneer ×5 |
| 27:32 | Crear | Hand Cannoneer ×5 |
Build order — reznor_5
81 acciones detectadas en el replay
| 12:16 | Construir | Barracks |
| 12:17 | Construir | Barracks |
| 12:19 | Construir | Barracks |
| 12:21 | Construir | Barracks |
| 14:51 | Construir | Barracks |
| 14:52 | Construir | Barracks |
| 16:32 | Construir | Barracks |
| 16:34 | Construir | Barracks |
| 17:21 | Construir | Barracks |
| 17:24 | Construir | Barracks |
| 17:25 | Construir | Barracks |
| 18:38 | Construir | Barracks |
| 18:39 | Construir | Barracks |
| 18:41 | Construir | Barracks |
| 18:42 | Construir | Barracks |
| 18:44 | Construir | Barracks |
| 18:45 | Construir | Barracks |
| 18:47 | Construir | Barracks |
| 19:54 | Construir | Barracks |
| 22:10 | Construir | Barracks |
| 22:12 | Construir | Barracks |
| 22:13 | Construir | Barracks |
| 23:08 | Construir | Barracks |
| 24:04 | Construir | Watch Tower |
| 24:04 | Construir | Watch Tower |
| 24:05 | Construir | Watch Tower |
| 24:06 | Construir | Watch Tower |
| 24:06 | Construir | Watch Tower |
| 24:07 | Construir | Watch Tower |
| 24:07 | Construir | Watch Tower |
| 24:08 | Construir | Watch Tower |
| 24:08 | Construir | Watch Tower |
| 24:09 | Construir | Watch Tower |
| 24:09 | Construir | Watch Tower |
| 24:09 | Construir | Watch Tower |
| 24:10 | Construir | Watch Tower |
| 24:10 | Construir | Watch Tower |
| 24:11 | Construir | Watch Tower |
| 24:11 | Construir | Watch Tower |
| 30:13 | Construir | Barracks |
| 30:19 | Investigar | Pikeman (upgrade) |
| 30:20 | Investigar | Long Swordsman (upgrade) |
| 30:24 | Investigar | Iron Casting |
| 30:24 | Investigar | Chain Mail Armor |
| 30:25 | Investigar | Bodkin Arrow |
| 30:25 | Investigar | Leather Archer Armor |
| 30:25 | Investigar | Chain Barding Armor |
| 30:44 | Crear | Spearman ×5 |
| 30:45 | Crear | Spearman ×5 |
| 30:45 | Crear | Spearman ×5 |
| 30:45 | Crear | Spearman ×5 |
| 30:45 | Crear | Spearman ×5 |
| 30:46 | Crear | Spearman ×5 |
| 30:46 | Crear | Spearman ×5 |
| 30:46 | Crear | Spearman ×5 |
| 30:46 | Crear | Spearman ×5 |
| 30:47 | Crear | Spearman ×5 |
| 30:47 | Crear | Spearman ×5 |
| 30:47 | Crear | Spearman ×5 |
| 30:48 | Crear | Spearman ×5 |
| 30:48 | Crear | Spearman ×5 |
| 30:48 | Crear | Spearman ×5 |
| 30:48 | Crear | Spearman ×5 |
| 30:49 | Crear | Spearman ×5 |
| 30:49 | Crear | Spearman ×5 |
| 30:49 | Crear | Spearman ×5 |
| 30:50 | Crear | Spearman ×5 |
| 30:50 | Crear | Spearman ×5 |
| 30:50 | Crear | Spearman ×5 |
| 30:51 | Crear | Spearman ×5 |
| 30:51 | Crear | Spearman ×5 |
| 30:51 | Crear | Spearman ×5 |
| 30:52 | Crear | Spearman ×5 |
| 31:33 | Crear | Spearman ×5 |
| 31:33 | Crear | Spearman ×5 |
| 31:34 | Crear | Spearman ×5 |
| 31:34 | Crear | Spearman ×5 |
| 31:34 | Crear | Spearman ×5 |
| 31:35 | Crear | Spearman ×5 |
| 31:35 | Crear | Spearman ×5 |
| 31:35 | Crear | Spearman ×5 |
Build order — Oby_1_88
Primeras 150 de 300 acciones detectadas
| 6:37 | Construir | Stable |
| 6:38 | Construir | Stable |
| 6:40 | Construir | Stable |
| 6:50 | Construir | Stable |
| 6:52 | Construir | Stable |
| 6:53 | Construir | Stable |
| 6:55 | Construir | Stable |
| 7:21 | Investigar | Bloodlines |
| 12:08 | Investigar | Husbandry |
| 12:09 | Crear | Knight ×5 |
| 12:09 | Crear | Knight ×5 |
| 12:09 | Crear | Knight ×5 |
| 12:10 | Crear | Knight ×5 |
| 12:10 | Crear | Knight ×5 |
| 12:10 | Crear | Knight ×5 |
| 12:11 | Crear | Knight ×5 |
| 12:11 | Crear | Knight ×5 |
| 12:11 | Crear | Knight ×5 |
| 12:12 | Crear | Knight ×5 |
| 12:12 | Crear | Knight ×5 |
| 12:12 | Crear | Knight ×5 |
| 12:13 | Crear | Knight ×5 |
| 12:13 | Crear | Knight ×5 |
| 12:13 | Crear | Knight ×5 |
| 12:13 | Crear | Knight ×4 |
| 12:21 | Investigar | Chain Mail Armor |
| 12:21 | Investigar | Chain Barding Armor |
| 12:21 | Investigar | Bodkin Arrow |
| 12:22 | Investigar | Leather Archer Armor |
| 12:25 | Investigar | Ballistics |
| 12:26 | Investigar | Treadmill Crane |
| 12:27 | Investigar | Guard Tower (upgrade) |
| 12:29 | Investigar | Szlachta Privileges |
| 12:49 | Construir | Stable |
| 13:29 | Crear | Knight ×5 |
| 13:30 | Crear | Knight ×5 |
| 14:39 | Construir | Gate |
| 14:47 | Crear | Knight ×5 |
| 14:48 | Crear | Knight ×5 |
| 14:48 | Crear | Knight ×5 |
| 14:48 | Crear | Knight ×4 |
| 15:24 | Construir | Stable |
| 15:28 | Construir | Stable |
| 15:29 | Construir | Stable |
| 15:31 | Construir | Stable |
| 15:34 | Construir | Stable |
| 15:38 | Crear | Knight ×5 |
| 15:39 | Crear | Knight ×5 |
| 15:39 | Crear | Knight ×5 |
| 15:39 | Crear | Knight ×5 |
| 15:40 | Crear | Knight ×5 |
| 16:37 | Crear | Knight ×5 |
| 16:37 | Crear | Knight ×5 |
| 16:37 | Crear | Knight ×2 |
| 16:39 | Crear | Knight |
| 17:19 | Crear | Knight ×5 |
| 17:19 | Crear | Knight ×5 |
| 17:20 | Crear | Knight ×5 |
| 17:20 | Crear | Knight ×5 |
| 17:20 | Crear | Knight ×5 |
| 17:20 | Crear | Knight |
| 18:03 | Crear | Knight ×5 |
| 18:04 | Crear | Knight ×5 |
| 18:04 | Crear | Knight ×5 |
| 18:04 | Crear | Knight ×5 |
| 18:05 | Crear | Knight ×2 |
| 18:05 | Crear | Knight ×2 |
| 18:31 | Crear | Knight ×5 |
| 18:31 | Crear | Knight ×5 |
| 18:32 | Crear | Knight ×5 |
| 18:32 | Crear | Knight ×5 |
| 18:32 | Crear | Knight ×5 |
| 18:34 | Crear | Knight |
| 19:16 | Crear | Knight ×5 |
| 19:17 | Crear | Knight ×5 |
| 19:17 | Crear | Knight ×5 |
| 19:17 | Crear | Knight ×5 |
| 19:18 | Crear | Knight ×5 |
| 19:18 | Crear | Knight ×4 |
| 19:18 | Crear | Knight ×5 |
| 19:19 | Crear | Knight |
| 19:20 | Crear | Knight |
| 19:20 | Crear | Knight |
| 19:34 | Crear | Knight ×2 |
| 19:35 | Crear | Knight ×2 |
| 20:13 | Construir | Stable |
| 20:14 | Construir | Stable |
| 20:16 | Construir | Stable |
| 20:17 | Construir | Stable |
| 20:24 | Investigar | Cavalier (upgrade) |
| 20:25 | Crear | Knight ×5 |
| 20:26 | Crear | Knight ×5 |
| 20:26 | Crear | Knight ×5 |
| 20:26 | Crear | Knight ×5 |
| 20:27 | Crear | Knight ×5 |
| 20:27 | Crear | Knight ×5 |
| 20:27 | Crear | Knight ×5 |
| 20:28 | Crear | Knight ×2 |
| 20:31 | Investigar | Blast Furnace |
| 20:32 | Investigar | Plate Mail Armor |
| 20:32 | Investigar | Bracer |
| 20:35 | Investigar | Chemistry |
| 20:35 | Investigar | Arrowslits |
| 20:37 | Investigar | Keep (upgrade) |
| 20:37 | Investigar | Siege Engineers |
| 20:38 | Investigar | Careening |
| 20:38 | Investigar | Tech 908 |
| 20:41 | Investigar | Elite Obuch (upgrade) |
| 20:42 | Investigar | Conscription |
| 20:43 | Investigar | Lechitic Legacy |
| 20:44 | Investigar | Sappers |
| 20:44 | Investigar | Spies/Treason |
| 21:21 | Crear | Knight ×5 |
| 21:22 | Crear | Knight ×5 |
| 21:22 | Crear | Knight ×5 |
| 21:22 | Crear | Knight ×5 |
| 21:23 | Crear | Knight ×5 |
| 21:23 | Crear | Knight ×5 |
| 21:23 | Crear | Knight ×5 |
| 21:23 | Crear | Knight ×5 |
| 21:24 | Crear | Knight ×5 |
| 21:24 | Crear | Knight ×5 |
| 21:24 | Crear | Knight ×5 |
| 21:58 | Crear | Knight ×5 |
| 21:58 | Crear | Knight ×5 |
| 21:58 | Crear | Knight ×5 |
| 21:59 | Crear | Knight ×5 |
| 21:59 | Crear | Knight ×5 |
| 21:59 | Crear | Knight ×5 |
| 22:00 | Crear | Knight ×5 |
| 22:02 | Crear | Knight |
| 22:03 | Crear | Knight ×4 |
| 22:39 | Crear | Knight ×5 |
| 22:39 | Crear | Knight ×5 |
| 22:39 | Crear | Knight ×5 |
| 22:40 | Crear | Knight ×5 |
| 22:40 | Crear | Knight ×5 |
| 22:40 | Crear | Knight ×5 |
| 22:40 | Crear | Knight ×5 |
| 22:42 | Crear | Knight |
| 22:42 | Crear | Knight |
| 22:43 | Crear | Knight |
| 22:44 | Crear | Knight ×2 |
| 22:56 | Construir | Stable |
| 22:57 | Construir | Stable |
| 22:59 | Construir | Stable |
| 23:01 | Construir | Stable |
| 23:03 | Construir | Stable |
| 23:05 | Construir | Stable |
| 23:19 | Crear | Knight ×5 |
Cronología de la partida
| 3:58 | Puds · first_building Stable |
| 4:12 | Puds · wall_segment Stone Wall x14 |
| 5:58 | Malsvyr · wall_segment Stone Wall x14 |
| 6:37 | Oby_1_88 · first_building Stable |
| 11:27 | The_Chef · first_building Archery Range |
| 12:16 | reznor_5 · first_building Barracks |
| 14:14 | ContingencyArgument · first_building Archery Range |
| 14:38 | Malsvyr · first_building Stable |
| 14:44 | ContingencyArgument · first_building Stable |
| 16:24 | The_Chef · wall_segment Stone Wall x15 |
| 20:15 | Puds · first_building Archery Range |
| 25:55 | ContingencyArgument · first_building Siege Workshop |
| 29:18 | ContingencyArgument · wall_segment Stone Wall x1 |
| 29:19 | ContingencyArgument · wall_segment Stone Wall x1 |
| 29:21 | ContingencyArgument · wall_segment Stone Wall x1 |
| 30:07 | Ragnar Lodbrok · wall_segment Stone Wall x13 |
| 30:13 | The_Chef · first_building Barracks |
| 30:37 | Puds · first_building Siege Workshop |
| 31:23 | Oby_1_88 · resign |
| 31:24 | Ragnar Lodbrok · first_building Stable |
[ ANÁLISIS IA · 1 CRÉDITO ]
¿Qué pasó realmente en esta partida?
Wolo.gg analiza cada decisión: build order, eco, micro, errores típicos por bracket. Análisis personalizado por WhatsApp o Discord en 30 segundos.
Guía civ
Aztecas
Perfil
Jugador #16282989